← All builds
Suicide front / Armada / Factory first / OBSERVED BUILD

Standard suicide front

Armada Suicide front build order · Supreme Isthmus

The role's baseline: Bot Lab at 0:21 then straight into reclaim-fed T1 bot production to contest the middle and hold until T2 arrives, with an Advanced Metal Extractor around 9:45.

#rush · 2243 distinct matches · 261 players · 72% of Armada Suicide front games · team won 59% of 2635 · Recently observed

HOW TO PLAY IT

Key timing: Bot Lab by 0:20

  1. Open with mex and lab-first to get Bot Lab up by 0:20.
  2. Expand mex and wind while lab pumps units toward middle.
  3. Push Sentry and early Rocketeer, Centurion to contest middle.
  4. Get T2 constructor out once Pond's boost lets you spare metal.
  5. Upgrade mex to Advanced Metal Extractor as you transition off T1 spam.

Phase by phase

TYPICAL OF ITS 2243 GAMES
  1. 1
  2. 2
  3. 3
PLAY THE OPENING

Follow the example game's first 6:00 step by step: what to build now, what comes next, and where it goes. At 1× it keeps pace with your own game.

  1. 1

    Bot Lab first

    Order
    1. Bot LabBot Lab done ~0:26, middle half 0:20–0:33

    Some games also: mex (47%)

  2. 2

    Bot Lab to 5:00

    Economy
    • Metal Extractor5Mex
    • Wind Turbine4Wind
    Builders
    • Construction Bot3 Con bot
    • Lazarus2 Lazarus
    Army
    • Sentry4 Sentry
    • Rocketeer16 Rocketeer
    • Tick2 Tick
    • Centurion1 Centurion
    Other
    • Radar Tower1 Radar Tower

    Some games also: pawn (39%) · con turret (34%)

    By 5:00 in all: 5 mex · 4 wind

    The example game in this phase · 22 steps
    1. LazarusLazarus ×2
    2. Construction BotCon bot
    3. PawnPawn ×3
    4. Construction BotCon bot ×2
    5. BeamerBeamer
    6. Construction BotCon bot
    7. Mex
    8. BeamerBeamer
    9. LazarusLazarus
    10. CenturionCenturion
    11. BeamerBeamer
    12. RocketeerRocketeer ×2
    13. BeamerBeamer
    14. RocketeerRocketeer ×3
    15. Mex
    16. BeamerBeamer
    17. Mex
    18. RocketeerRocketeer
    19. Con turret
    20. Mex
    21. SentrySentry
    22. RocketeerRocketeer ×6
  3. 3

    5:00 to 10:00

    Economy
    • Metal Extractor1Mex
    • Wind Turbine15Wind
    Builders
    • Construction Turret2 Con turret
    • Lazarus2 Lazarus
    • Construction Bot1 Con bot
    Army
    • Sentry1 Sentry
    • Rocketeer8 Rocketeer

    Some games also: pawn (48%) · Radar Tower (46%) · centurion (43%) · tick (43%) · energy storage (42%) · eat Bot Lab (31%)

    By 10:00 in all: 6 mex · 21 wind · 1 energy storage · 2 con turret

    The example game in this phase · 91 steps
    1. Mex
    2. RocketeerRocketeer ×2
    3. Radar TowerRadar Tower
    4. Con turret
    5. RocketeerRocketeer
    6. CenturionCenturion
    7. RocketeerRocketeer
    8. Energy storage
    9. RocketeerRocketeer ×2
    10. Sneaky PeteSneaky Pete
    11. RocketeerRocketeer
    12. BeamerBeamer
    13. RocketeerRocketeer
    14. Con turret
    15. LazarusLazarus
    16. Wind
    17. LazarusLazarus
    18. GauntletGauntletdone 9:12
    19. LazarusLazarus
    20. Wind
    21. Advanced Metal ExtractorT2 mexdone 10:04 · typical 9:49
    22. Wind ×2
    23. Dragon's TeethDragon's Teeth ×2
    24. Con turret
    25. Dragon's TeethDragon's Teeth ×13
    26. Wind
    27. Dragon's TeethDragon's Teeth ×4
    28. Wind ×3
    29. Advanced Metal ExtractorT2 mex
    30. Wind
    31. Construction BotCon bot
    32. Converter
    33. Wind ×2
    34. Dragon's TeethDragon's Teeth
    35. Wind
    36. Dragon's TeethDragon's Teeth
    37. Construction BotCon bot
    38. Dragon's TeethDragon's Teeth
    39. Wind
    40. Dragon's TeethDragon's Teeth ×2
    41. Wind ×6
    42. Advanced Metal ExtractorT2 mex
    43. Converter
    44. Wind
    45. Converter
    46. Wind ×8
    47. RattlesnakeRattlesnakedone 13:48
    48. Converter ×2
    49. Wind ×2
    50. Con turret
    51. Wind
    52. Con turret
    53. Wind ×3
    54. Converter
    55. Con turret
    56. Converter
    57. BeamerBeamer
    58. Wind ×3
    59. BeamerBeamer
    60. Wind ×3
    61. Converter ×2
    62. Wind
    63. Con turret
    64. Wind
    65. Dragon's TeethDragon's Teeth ×2
    66. Wind
    67. Dragon's TeethDragon's Teeth ×3
    68. Wind
    69. Dragon's TeethDragon's Teeth
    70. Wind
    71. Dragon's TeethDragon's Teeth
    72. Wind ×2
    73. Dragon's TeethDragon's Teeth
    74. Wind
    75. Dragon's TeethDragon's Teeth
    76. Wind
    77. Dragon's TeethDragon's Teeth
    78. Wind ×2
    79. Radar TowerRadar Tower
    80. Converter ×3
    81. Wind ×5
    82. Mex
    83. Wind ×3
    84. Mex
    85. Wind ×5
    86. RattlesnakeRattlesnake
    87. Wind ×2
    88. Converter ×2
    89. Con turret
    90. Converter ×2
    91. Wind ×7

Counts are medians over the build's games: half of them build more, half fewer. The example game is sunflower964795's (30 OS, 10/10/2026); pick another.

Team trades

IN AT LEAST 30% OF ITS GAMES

You hand over

Nothing regular.

You get

  • Tidal Generator4 Tidal from Pondfirst at 0:11 · in 68% of games
  • Advanced Construction Bot1 T2 con bot from Geo or Techfirst at 7:45 · in 57% of games

How it plays out

Typical game of this build, running totals by minute

Metal produced

010k20k
0:005:0010:0015:00

metal

Enemy metal destroyed

05k10k
0:005:0010:0015:00

metal

Own metal lost

05k10k
0:005:0010:0015:00

metal

2635 games.

Show as table
ByMetal produced: This buildEnemy metal destroyed: This buildOwn metal lost: This build
1:0023000
2:0088700
3:002006193130
4:003105646503
5:0041861356990
6:00535222001677
7:00654530792550
8:00775239603448
9:00903347294337
10:001039653435120
11:001184258915902
12:001352864446635
13:001533669167406
14:001720075498183
15:001914281848952
WHAT THE NUMBERS SAY

Standard Suicide front play wins a bit over half its games while taking the heaviest own losses of any role by 15:00.

  • + Produces 20142 metal by 15:00, highest of the front roles.
  • + First kill by 2:01 in all games, fastest contest of middle.
  • − Own metal lost hits 9178 by 15:00, more than enemy metal destroyed.
  • − Only 34% Rocketeer share shows army spread thin across many bot types.
THE EXAMPLE YOU ARE READING

sunflower964795

30.3 OS · 10/10/2026

Open source match ↗

5 received units · includes a constructor
117 metal received · 41419 energy received

Allied construction assistance is unknown. Timings are observations, not a promise of solo reproducibility.

Typical milestones

Bot Lab0:26Middle 50%: 0:20–0:33 · n=2626
Advanced Metal Extractor9:49Middle 50%: 8:52–11:00 · n=1887

Played most by

_X_265games of this buildPlatinumBlonde188games of this buildXad165games of this buildTrapCaT111games of this buildSoliloqueur81games of this build